Hartford Whalers vs Anaheim Ducks
Created - Monday, October 9, 2023 at 06:51
Goals
|
| Hartford Whalers |
0 |
1 |
1 |
2 |
| Anaheim Ducks |
0 |
2 |
3 |
5 |
|
Shots
|
| Hartford Whalers |
12 |
8 |
10 |
30 |
| Anaheim Ducks |
4 |
15 |
19 |
38 |
|
1st period
No Goal
Penalties :
Josh Anderson (HFD) for Hooking (Minor) at 5:20, Teuvo Teravainen (ANA) for Hooking (Minor) at 8:02, Joshua Morrissey (ANA) for Slashing (Minor) at 14:38, William Nylander (ANA) for High sticking (Minor) at 16:57, Mark Scheifele (ANA) for Hooking (Minor) at 19:59
2nd period
1. Hartford Whalers , Casey Cizikas 8 (Jaccob Slavin 15, Thomas Chabot 19) at 0:08 (PP)
2. Anaheim Ducks , Nazem Kadri 2 (Josh Manson 8, Mason Marchment 1) at 2:14
3. Anaheim Ducks , Teuvo Teravainen 3 (J.T. Compher 5) at 2:53
Penalties :
Marcus Foligno (HFD) for Holding (Minor) at 3:17, Marcus Foligno (HFD) for Hooking (Minor) at 6:55, Josh Manson (ANA) for Hooking (Minor) at 10:43, John Hayden (HFD) for Hooking (Minor) at 13:31
3rd period
4. Anaheim Ducks , Mark Scheifele 17 (William Nylander 29, John Tavares 31) at 8:11
5. Anaheim Ducks , Brenden Dillon 1 (William Nylander 30, Mark Scheifele 20) at 8:29
6. Hartford Whalers , Joshua Norris 7 (Anthony Mantha 6, John Hayden 7) at 10:06
7. Anaheim Ducks , Mark Scheifele 18 (William Nylander 31, John Tavares 32) at 12:25
Penalties :
Josh Manson (ANA) for Fighting (Major) at 2:30, Casey Cizikas (HFD) for Fighting (Major) at 2:30, Brayden Schenn (ANA) for Hooking (Minor) at 4:30, Alexis Lafreniere (HFD) for Holding Stick (Minor) at 13:00, Torey Krug (HFD) for Tripping (Minor) at 15:12
Goalie Stats
Logan Thompson (HFD), 33 saves from 38 shots - (0.868), L, 4-2-1, 60:00 minutes
Linus Ullmark (ANA), 28 saves from 30 shots - (0.933), W, 17-7-4, 60:00 minutes
Players Stats for Hartford Whalers
Player Name G A P +/- PIM S H SB GA TA FO MP PP MP PK MP
------------------------------------------------------------------------------------
Alec Martinez 0 0 0 -2 0 0 0 3 0 1 0/0 25:45 5:44 5:55
Alexander Wennberg 0 0 0 -2 0 1 2 1 0 1 10/20 22:44 5:41 5:43
Alexis Lafreniere 0 0 0 -1 2 2 0 0 1 0 0/1 14:46 4:22 0:20
Anthony Mantha 0 1 1 0 0 1 0 0 0 0 0/4 11:39 0:01 1:33
Casey Cizikas 1 0 1 -1 5 2 1 0 2 1 8/18 18:08 3:04 5:51
Connor Clifton 0 0 0 -1 0 0 0 0 0 2 0/0 10:42 0:00 0:00
Haydn Fleury 0 0 0 -1 0 0 0 1 0 0 0/0 6:05 0:00 0:00
Jaccob Slavin 0 1 1 -1 0 3 0 0 0 2 0/0 23:33 4:20 5:59
John Hayden 0 1 1 0 2 0 1 1 0 1 0/1 11:03 0:07 0:29
Josh Anderson 0 0 0 -2 2 2 0 1 1 1 2/5 21:30 5:41 4:09
Joshua Norris 1 0 1 0 0 3 0 0 1 0 6/10 9:46 0:00 0:00
Lukas Reichel 0 0 0 -1 0 3 1 1 0 0 0/3 6:05 0:00 0:00
Marcus Foligno 0 0 0 -1 4 3 1 1 0 1 0/0 14:54 4:22 0:00
Mark Kastelic 0 0 0 -1 0 0 3 0 0 1 4/6 8:53 1:13 0:00
Taylor Hall 0 0 0 -2 0 6 2 1 2 0 0/3 22:25 5:41 5:43
Thomas Chabot 0 1 1 -1 0 2 1 0 1 1 0/0 23:33 4:20 5:59
Torey Krug 0 0 0 -1 2 1 1 0 0 0 0/0 10:43 0:00 0:00
Trevor van Riemsdyk 0 0 0 -2 0 1 1 1 0 0 0/0 25:45 5:44 5:55
Players Stats for Anaheim Ducks
Player Name G A P +/- PIM S H SB GA TA FO MP PP MP PK MP
------------------------------------------------------------------------------------
Alex Killorn 0 0 0 0 0 2 2 0 3 0 1/3 19:32 4:57 5:28
Brayden Schenn 0 0 0 1 2 2 5 0 2 0 0/0 14:27 5:15 1:28
Brenden Dillon 1 0 1 2 0 3 3 3 0 0 0/0 24:50 4:48 6:14
Calle Jarnkrok 0 0 0 0 0 0 0 0 0 0 0/0 7:02 0:00 0:00
Chandler Stephenson 0 0 0 0 0 0 1 1 2 0 7/16 19:32 4:57 5:28
Esa Lindell 0 0 0 1 0 2 1 3 0 1 0/0 24:41 4:48 5:22
Ivan Provorov 0 0 0 1 0 0 0 4 0 1 0/0 15:58 0:48 5:30
J.T. Compher 0 1 1 1 0 1 1 0 0 0 2/4 12:42 0:18 4:05
Jakob Chychrun 0 0 0 2 0 2 0 1 0 0 0/0 20:34 6:18 0:17
John Tavares 0 2 2 3 0 1 2 1 0 0 23/33 20:13 6:39 0:00
Josh Manson 0 1 1 1 7 0 1 1 0 1 0/0 10:49 0:00 2:45
Joshua Morrissey 0 0 0 1 2 2 2 1 0 2 0/0 23:13 7:06 0:00
Mark Scheifele 2 1 3 3 2 9 2 0 2 0 3/5 20:38 6:39 0:00
Mason Marchment 0 1 1 0 0 1 0 0 0 0 0/0 7:02 0:00 0:00
Max Domi 0 0 0 0 0 2 1 1 0 0 0/0 9:53 0:18 0:31
Nazem Kadri 1 0 1 0 0 3 2 0 1 0 3/7 7:02 0:00 0:00
Teuvo Teravainen 1 0 1 1 2 3 0 0 2 3 0/0 11:27 0:00 3:08
William Nylander 0 3 3 3 2 5 0 0 0 0 2/3 20:14 6:39 0:00
3 Stars
1 - Mark Scheifele (ANA)
2 - John Tavares (ANA)
3 - Brenden Dillon (ANA)
Power Play
Hartford Whalers - 1 on 6 Attempt(s) - 16.67%
Anaheim Ducks - 0 on 6 Attempt(s) - 0.00%
Penalty Kill
Hartford Whalers - 6 on 6 Attempt(s) - 100.00%
- Score 0 goal in Penalty Kill
Anaheim Ducks - 5 on 6 Attempt(s) - 83.33%
- Score 0 goal in Penalty Kill
Team Stat
Hartford Whalers - Hits : 14 - Faceoff Wins : 30 - Blocked Shots : 11 - Penalty Minutes : 17
Anaheim Ducks - Hits : 23 - Faceoff Wins : 41 - Blocked Shots : 16 - Penalty Minutes : 17
Official
Referees : Justin StPierre and Ghislain Hebert
Linesman : Mark Wheler and David Brisebois
Game Notes
Josh Manson and Casey Cizikas fight to a draw at 2:30 of 3rd period
Finance
Level 1 -- Attendance: 5138 (85.63%) -- Ticket Income $513,800
Level 2 -- Attendance: 4034 (80.68%) -- Ticket Income $242,040
Level 3 -- Attendance: 1890 (63.00%) -- Ticket Income $86,940
Level 4 -- Attendance: 3951 (79.02%) -- Ticket Income $98,775
Luxury Box -- Attendance: 821 (82.10%) -- Ticket Income $164,200
Game was played at the Honda Center.
Total Attendance: 15834 (79.17%)
Total Ticket Income: $1,105,755
Other Income: $387,014
Total Income: $1,492,769
Hartford Whalers
5 vs 5 Forward
Center Left Wing Right Wing Time % Phy DF OF
1 Alexander Wennberg Taylor Hall Josh Anderson 30 1 2 2
2 Casey Cizikas Marcus Foligno Alexis Lafreniere 30 1 2 2
3 Joshua Norris Anthony Mantha John Hayden 25 1 2 2
4 Lukas Reichel Mark Kastelic Haydn Fleury 15 1 2 2
5 vs 5 Defense
Defense Defense Time % Phy DF OF
1 Jaccob Slavin Thomas Chabot 35 1 2 2
2 Trevor van Riemsdyk Alec Martinez 35 1 2 2
3 Torey Krug Connor Clifton 30 1 2 2
4 Jaccob Slavin Thomas Chabot 0 1 2 2
PowerPlay Forward
Center Left Wing Right Wing Time % Phy DF OF
1 Alexander Wennberg Taylor Hall Josh Anderson 50 1 2 2
2 Casey Cizikas Marcus Foligno Alexis Lafreniere 50 1 2 2
PowerPlay Defense
Defense Defense Time % Phy DF OF
1 Jaccob Slavin Thomas Chabot 50 1 2 2
2 Trevor van Riemsdyk Alec Martinez 50 1 2 2
Penalty Kill 4 Players Forward
Center Wing Time % Phy DF OF
1 Alexander Wennberg Taylor Hall 50 1 2 2
2 Josh Anderson Casey Cizikas 50 1 2 2
Penalty Kill 4 Players Defense
Defense Defense Time % Phy DF OF
1 Jaccob Slavin Thomas Chabot 50 1 2 2
2 Trevor van Riemsdyk Alec Martinez 50 1 2 2
Penalty Kill - 3 Players Forward
Forward Time % Phy DF OF
1 Alexander Wennberg 50 1 2 2
2 Taylor Hall 50 1 2 2
Penalty Kill - 3 Players Defense
Defense Defense Time % Phy DF OF
1 Jaccob Slavin Thomas Chabot 50 1 2 2
2 Trevor van Riemsdyk Alec Martinez 50 1 2 2
4 vs 4 Forward
Center Wing Time % Phy DF OF
1 Alexander Wennberg Taylor Hall 50 1 2 2
2 Josh Anderson Casey Cizikas 50 1 2 2
4 vs 4 Defense
Defense Defense Time % Phy DF OF
1 Jaccob Slavin Thomas Chabot 50 1 2 2
2 Trevor van Riemsdyk Alec Martinez 50 1 2 2
Last Minutes Offensive
Center Left Wing Right Wing Defense Defense
Alexander Wennberg Taylor Hall Josh Anderson Jaccob Slavin Thomas Chabot
Last Minutes Defensive
Center Left Wing Right Wing Defense Defense
Alexander Wennberg Taylor Hall Josh Anderson Jaccob Slavin Thomas Chabot
Goaltenders
Starting : Logan Thompson
Backup : Anton Forsberg
Extra Forwards
Normal : Mark Kastelic, Alexander Wennberg, Anthony Mantha - PP : Mark Kastelic, Taylor Hall - PK : Anthony Mantha
Extra Defensemen
Normal : Torey Krug, Connor Clifton, Haydn Fleury - PP : Torey Krug - PK : Connor Clifton, Haydn Fleury
Penalty Shots
Alexander Wennberg, Taylor Hall, Josh Anderson, Casey Cizikas, Marcus Foligno
Anaheim Ducks
5 vs 5 Forward
Center Left Wing Right Wing Time % Phy DF OF
1 John Tavares William Nylander Mark Scheifele 40 1 2 2
2 Chandler Stephenson Alex Killorn Max Domi 30 1 2 2
3 J.T. Compher Teuvo Teravainen Brayden Schenn 20 1 2 2
4 Nazem Kadri Mason Marchment Calle Jarnkrok 10 1 2 2
5 vs 5 Defense
Defense Defense Time % Phy DF OF
1 Esa Lindell Joshua Morrissey 40 1 2 2
2 Brenden Dillon Jakob Chychrun 35 1 2 2
3 Ivan Provorov Josh Manson 25 1 2 2
4 Esa Lindell Ivan Provorov 0 1 2 2
PowerPlay Forward
Center Left Wing Right Wing Time % Phy DF OF
1 John Tavares Mark Scheifele William Nylander 60 1 1 3
2 Chandler Stephenson Alex Killorn Brayden Schenn 40 1 1 3
PowerPlay Defense
Defense Defense Time % Phy DF OF
1 Joshua Morrissey Jakob Chychrun 55 1 2 2
2 Esa Lindell Brenden Dillon 45 1 2 2
Penalty Kill 4 Players Forward
Center Wing Time % Phy DF OF
1 Chandler Stephenson Alex Killorn 55 1 3 1
2 J.T. Compher Teuvo Teravainen 45 1 3 1
Penalty Kill 4 Players Defense
Defense Defense Time % Phy DF OF
1 Esa Lindell Brenden Dillon 50 1 3 1
2 Ivan Provorov Josh Manson 50 1 3 1
Penalty Kill - 3 Players Forward
Forward Time % Phy DF OF
1 Alex Killorn 50 1 3 1
2 J.T. Compher 50 1 3 1
Penalty Kill - 3 Players Defense
Defense Defense Time % Phy DF OF
1 Esa Lindell Brenden Dillon 50 1 3 1
2 Ivan Provorov Josh Manson 50 1 3 1
4 vs 4 Forward
Center Wing Time % Phy DF OF
1 John Tavares William Nylander 50 1 2 2
2 Max Domi Mark Scheifele 50 1 2 2
4 vs 4 Defense
Defense Defense Time % Phy DF OF
1 Esa Lindell Josh Manson 50 1 2 2
2 Brenden Dillon Joshua Morrissey 50 1 2 2
Last Minutes Offensive
Center Left Wing Right Wing Defense Defense
John Tavares William Nylander Mark Scheifele Joshua Morrissey Jakob Chychrun
Last Minutes Defensive
Center Left Wing Right Wing Defense Defense
Chandler Stephenson Alex Killorn Teuvo Teravainen Brenden Dillon Esa Lindell
Goaltenders
Starting : Linus Ullmark
Backup : Jack Campbell
Extra Forwards
Normal : William Nylander, John Tavares, Mark Scheifele - PP : William Nylander, Mark Scheifele - PK : Alex Killorn
Extra Defensemen
Normal : Josh Manson, Esa Lindell, Brenden Dillon - PP : Joshua Morrissey - PK : Esa Lindell, Josh Manson
Penalty Shots
William Nylander, Teuvo Teravainen, Mark Scheifele, Calle Jarnkrok, Alex Killorn
% Time on Ice - Hartford Whalers
Lines # - Real PCT - Wanted PCT - Time Play
Normal Forward
1 - 29% - 30% - 11:03
2 - 29% - 30% - 11:08
3 - 26% - 25% - 9:46
4 - 16% - 15% - 6:05
Normal Defense
1 - 35% - 35% - 13:14
2 - 37% - 35% - 14:06
3 - 28% - 30% - 10:42
4 - 0% - 0% - 0:00
PP Forward
1 - 56% - 50% - 5:41
2 - 44% - 50% - 4:23
PP Defense
1 - 43% - 50% - 4:20
2 - 57% - 50% - 5:44
PK Forward
1 - 50% - 50% - 5:54
2 - 50% - 50% - 6:00
PK Defense
1 - 50% - 50% - 5:59
2 - 50% - 50% - 5:55
PK3 Forward
1 - 0% - 50%
2 - 0% - 50%
PK3 Defense
1 - 0% - 50%
2 - 0% - 50%
44 Forward
1 - 0% - 50%
2 - 0% - 50%
44 Defense
1 - 0% - 50%
2 - 0% - 50%
Last Minute Offensive - 0:00
Last Minute Defensive - 0:00
Total
Forward - 60:00
Defense - 60:00
|
% Time on Ice - Anaheim Ducks
Lines # - Real PCT - Wanted PCT - Time Play
Normal Forward
1 - 36% - 40% - 13:37
2 - 25% - 30% - 9:36
3 - 20% - 20% - 7:47
4 - 18% - 10% - 7:02
Normal Defense
1 - 42% - 40% - 16:06
2 - 35% - 35% - 13:08
3 - 23% - 25% - 8:48
4 - 0% - 0% - 0:00
PP Forward
1 - 56% - 60% - 6:39
2 - 44% - 40% - 5:15
PP Defense
1 - 60% - 55% - 7:06
2 - 40% - 45% - 4:48
PK Forward
1 - 59% - 55% - 5:59
2 - 41% - 45% - 4:05
PK Defense
1 - 44% - 50% - 4:25
2 - 56% - 50% - 5:39
PK3 Forward
1 - 0% - 50%
2 - 0% - 50%
PK3 Defense
1 - 0% - 50%
2 - 0% - 50%
44 Forward
1 - 0% - 50%
2 - 0% - 50%
44 Defense
1 - 0% - 50%
2 - 0% - 50%
Last Minute Offensive - 0:00
Last Minute Defensive - 0:00
Total
Forward - 60:00
Defense - 60:00
|
Play-by-Play
1st period
0:01 of 1st period - Mark Scheifele wins face-off versus Josh Anderson in neutral zone.
0:15 of 1st period - Wrist shot by Mark Scheifele.
0:15 of 1st period - Stopped by Logan Thompson with a rebound.
0:17 of 1st period - Snap shot by William Nylander.
0:17 of 1st period - Deflect By Mark Scheifele.
0:17 of 1st period - Shot Misses the Net.
0:17 of 1st period - Puck is out of play.
0:18 of 1st period - Casey Cizikas wins face-off versus Chandler Stephenson in Hartford Whalers zone.
0:30 of 1st period - Icing by Trevor van Riemsdyk.
0:31 of 1st period - J.T. Compher wins face-off versus Casey Cizikas in Hartford Whalers zone.
1:04 of 1st period - Snap shot by Marcus Foligno.
1:04 of 1st period - Stopped by Linus Ullmark without a rebound.
1:05 of 1st period - John Tavares wins face-off versus Joshua Norris in Anaheim Ducks zone.
1:20 of 1st period - Snap shot by William Nylander.
1:20 of 1st period - Shot Misses the Net.
2:02 of 1st period - Wrist shot by Taylor Hall.
2:02 of 1st period - Stopped by Linus Ullmark without a rebound.
2:03 of 1st period - Joshua Norris wins face-off versus John Tavares in Anaheim Ducks zone.
3:48 of 1st period - John Hayden is hit by J.T. Compher and loses puck.
3:59 of 1st period - John Hayden is hit by Brenden Dillon and loses puck.
5:20 of 1st period - Minor Penalty to Josh Anderson for Hooking.
5:21 of 1st period - Alexander Wennberg wins face-off versus John Tavares in Hartford Whalers zone.
6:04 of 1st period - Casey Cizikas is hit by Brayden Schenn and loses puck.
7:01 of 1st period - Casey Cizikas is hit by Brayden Schenn and loses puck.
7:16 of 1st period - Brenden Dillon is hit by Alexander Wennberg and loses puck.
7:20 of 1st period - Penalty to Josh Anderson is over, Josh Anderson is back on ice.
7:31 of 1st period - Snap shot by Taylor Hall.
7:31 of 1st period - Stopped by Linus Ullmark without a rebound.
7:32 of 1st period - Nazem Kadri wins face-off versus Mark Kastelic in Anaheim Ducks zone.
7:45 of 1st period - Snap shot by Lukas Reichel.
7:45 of 1st period - Stopped by Linus Ullmark without a rebound.
7:46 of 1st period - J.T. Compher wins face-off versus Alexander Wennberg in Anaheim Ducks zone.
8:02 of 1st period - Minor Penalty to Teuvo Teravainen for Hooking.
8:03 of 1st period - Alexander Wennberg wins face-off versus Chandler Stephenson in Anaheim Ducks zone.
8:03 of 1st period - Wrist shot by Taylor Hall.
8:03 of 1st period - Stopped by Linus Ullmark with a rebound.
8:05 of 1st period - Wrist shot by Jaccob Slavin.
8:05 of 1st period - Stopped by Linus Ullmark with a rebound.
8:07 of 1st period - Snap shot by Jaccob Slavin.
8:07 of 1st period - Shot Blocked by Esa Lindell.
9:58 of 1st period - Josh Manson is hit by Marcus Foligno and loses puck.
10:02 of 1st period - Penalty to Teuvo Teravainen is over, Teuvo Teravainen is back on ice.
10:11 of 1st period - Trevor van Riemsdyk is hit by John Tavares and loses puck.
10:34 of 1st period - Snap shot by Lukas Reichel.
10:34 of 1st period - Shot Blocked by Brenden Dillon.
10:46 of 1st period - Off-side.
10:47 of 1st period - Joshua Norris wins face-off versus Nazem Kadri in neutral zone.
11:12 of 1st period - Connor Clifton is hit by Chandler Stephenson and loses puck.
11:25 of 1st period - Wrist shot by Alex Killorn.
11:25 of 1st period - Stopped by Logan Thompson with a rebound.
11:59 of 1st period - Wrist shot by Taylor Hall.
11:59 of 1st period - Stopped by Linus Ullmark without a rebound.
12:00 of 1st period - Alexander Wennberg wins face-off versus John Tavares in Anaheim Ducks zone.
12:37 of 1st period - Slapshot by Taylor Hall.
12:37 of 1st period - Deflect By Mark Scheifele.
12:37 of 1st period - Stopped by Linus Ullmark without a rebound.
12:38 of 1st period - Casey Cizikas wins face-off versus Chandler Stephenson in Anaheim Ducks zone.
12:41 of 1st period - Wrist shot by Alexis Lafreniere.
12:41 of 1st period - Shot Misses the Net.
12:47 of 1st period - Snap shot by Alex Killorn.
12:47 of 1st period - Stopped by Logan Thompson with a rebound.
13:05 of 1st period - Lukas Reichel is hit by Brayden Schenn and loses puck.
13:31 of 1st period - Snap shot by Lukas Reichel.
13:31 of 1st period - Stopped by Linus Ullmark with a rebound.
13:56 of 1st period - Snap shot by Mark Scheifele.
13:56 of 1st period - Shot Misses the Net.
14:36 of 1st period - Snap shot by Anthony Mantha.
14:36 of 1st period - Shot Misses the Net.
14:38 of 1st period - Minor Penalty to Joshua Morrissey for Slashing.
14:39 of 1st period - Chandler Stephenson wins face-off versus Casey Cizikas in Anaheim Ducks zone.
14:54 of 1st period - Wrist shot by Casey Cizikas.
14:54 of 1st period - Shot Misses the Net.
15:10 of 1st period - Brenden Dillon is hit by Taylor Hall and loses puck.
16:38 of 1st period - Penalty to Joshua Morrissey is over, Joshua Morrissey is back on ice.
16:45 of 1st period - Mark Scheifele is hit by Thomas Chabot and loses puck.
16:50 of 1st period - Snap shot by Joshua Norris.
16:50 of 1st period - Shot Misses the Net.
16:52 of 1st period - Slapshot by Connor Clifton.
16:52 of 1st period - Shot Misses the Net.
16:54 of 1st period - Wrist shot by Torey Krug.
16:54 of 1st period - Stopped by Linus Ullmark without a rebound.
16:55 of 1st period - William Nylander wins face-off versus Lukas Reichel in Anaheim Ducks zone.
16:57 of 1st period - Minor Penalty to William Nylander for High sticking.
16:58 of 1st period - Chandler Stephenson wins face-off versus Taylor Hall in Anaheim Ducks zone.
17:04 of 1st period - Alexander Wennberg is hit by Josh Manson and loses puck.
18:57 of 1st period - Penalty to William Nylander is over, William Nylander is back on ice.
19:13 of 1st period - Icing by William Nylander.
19:14 of 1st period - John Tavares wins face-off versus Lukas Reichel in Anaheim Ducks zone.
19:35 of 1st period - Wrist shot by Mark Scheifele.
19:35 of 1st period - Stopped by Logan Thompson without a rebound.
19:36 of 1st period - Chandler Stephenson wins face-off versus Joshua Norris in Hartford Whalers zone.
19:45 of 1st period - Wrist shot by Joshua Norris.
19:45 of 1st period - Shot Misses the Net.
19:47 of 1st period - Wrist shot by Thomas Chabot.
19:47 of 1st period - Shot Misses the Net.
19:49 of 1st period - Wrist shot by Joshua Norris.
19:49 of 1st period - Stopped by Linus Ullmark without a rebound.
19:50 of 1st period - Alexander Wennberg wins face-off versus William Nylander in Anaheim Ducks zone.
19:53 of 1st period - Slapshot by Alexander Wennberg.
19:53 of 1st period - Stopped by Linus Ullmark without a rebound.
19:54 of 1st period - Alexander Wennberg wins face-off versus Mark Scheifele in Anaheim Ducks zone.
19:57 of 1st period - Wrist shot by Taylor Hall.
19:57 of 1st period - Shot Misses the Net.
19:59 of 1st period - Minor Penalty to Mark Scheifele for Hooking.
Goals for this period are 0 for Hartford Whalers vs 0 for Anaheim Ducks.
Shots for this period are 12 for Hartford Whalers vs 4 for Anaheim Ducks.
2nd period
0:01 of 2nd period - Chandler Stephenson wins face-off versus Casey Cizikas in neutral zone.
0:04 of 2nd period - Slapshot by Thomas Chabot.
0:04 of 2nd period - Shot Blocked by Chandler Stephenson.
0:06 of 2nd period - Slapshot by Jaccob Slavin.
0:06 of 2nd period - Shot Blocked by Ivan Provorov.
0:08 of 2nd period - Snap shot by Casey Cizikas.
0:08 of 2nd period - Goal by Casey Cizikas - Hartford Whalers : 1 - Anaheim Ducks : 0.
0:09 of 2nd period - John Tavares wins face-off versus Casey Cizikas in neutral zone.
0:18 of 2nd period - Snap shot by John Tavares.
0:18 of 2nd period - Stopped by Logan Thompson without a rebound.
0:19 of 2nd period - John Tavares wins face-off versus Casey Cizikas in Hartford Whalers zone.
0:20 of 2nd period - Snap shot by William Nylander.
0:20 of 2nd period - Stopped by Logan Thompson without a rebound.
0:21 of 2nd period - John Tavares wins face-off versus Josh Anderson in Hartford Whalers zone.
0:32 of 2nd period - Snap shot by Josh Anderson.
0:32 of 2nd period - Shot Blocked by Esa Lindell.
0:34 of 2nd period - Slapshot by Thomas Chabot.
0:34 of 2nd period - Stopped by Linus Ullmark without a rebound.
0:35 of 2nd period - William Nylander wins face-off versus Casey Cizikas in Anaheim Ducks zone.
0:47 of 2nd period - Snap shot by Alexis Lafreniere.
0:47 of 2nd period - Deflect By Marcus Foligno.
0:47 of 2nd period - Shot Blocked by John Tavares.
0:47 of 2nd period - Puck is out of play.
0:48 of 2nd period - Josh Anderson wins face-off versus John Tavares in Anaheim Ducks zone.
0:51 of 2nd period - Slapshot by Taylor Hall.
0:51 of 2nd period - Shot Blocked by Joshua Morrissey.
1:24 of 2nd period - Slapshot by Alex Killorn.
1:24 of 2nd period - Shot Misses the Net.
1:42 of 2nd period - Mark Kastelic is hit by Brenden Dillon and loses puck.
1:51 of 2nd period - Brenden Dillon is hit by Lukas Reichel and loses puck.
2:04 of 2nd period - Snap shot by Nazem Kadri.
2:04 of 2nd period - Shot Misses the Net.
2:06 of 2nd period - Snap shot by Calle Jarnkrok.
2:06 of 2nd period - Shot Misses the Net.
2:08 of 2nd period - Wrist shot by Mason Marchment.
2:08 of 2nd period - Shot Blocked by Haydn Fleury.
2:10 of 2nd period - Slapshot by Josh Manson.
2:10 of 2nd period - Shot Misses the Net.
2:14 of 2nd period - Snap shot by Nazem Kadri.
2:14 of 2nd period - Goal by Nazem Kadri - Hartford Whalers : 1 - Anaheim Ducks : 1.
2:15 of 2nd period - John Tavares wins face-off versus Taylor Hall in neutral zone.
2:28 of 2nd period - Wrist shot by Mark Scheifele.
2:28 of 2nd period - Shot Blocked by Alexander Wennberg.
2:30 of 2nd period - Wrist shot by Mark Scheifele.
2:30 of 2nd period - Stopped by Logan Thompson with a rebound.
2:32 of 2nd period - Slapshot by William Nylander.
2:32 of 2nd period - Stopped by Logan Thompson with a rebound.
2:42 of 2nd period - Alexander Wennberg is hit by Joshua Morrissey and loses puck.
2:51 of 2nd period - Slapshot by J.T. Compher.
2:51 of 2nd period - Shot Blocked by Trevor van Riemsdyk.
2:53 of 2nd period - Snap shot by Teuvo Teravainen.
2:53 of 2nd period - Goal by Teuvo Teravainen - Hartford Whalers : 1 - Anaheim Ducks : 2.
2:54 of 2nd period - Casey Cizikas wins face-off versus John Tavares in neutral zone.
2:57 of 2nd period - John Tavares is hit by Casey Cizikas.
3:17 of 2nd period - Minor Penalty to Marcus Foligno for Holding.
3:18 of 2nd period - John Tavares wins face-off versus Alexander Wennberg in Hartford Whalers zone.
3:19 of 2nd period - Wrist shot by Mark Scheifele.
3:19 of 2nd period - Stopped by Logan Thompson with a rebound.
3:47 of 2nd period - Snap shot by Brayden Schenn.
3:47 of 2nd period - Stopped by Logan Thompson without a rebound.
3:48 of 2nd period - Alexander Wennberg wins face-off versus Chandler Stephenson in Hartford Whalers zone.
5:17 of 2nd period - Penalty to Marcus Foligno is over, Marcus Foligno is back on ice.
5:25 of 2nd period - Snap shot by Casey Cizikas.
5:25 of 2nd period - Stopped by Linus Ullmark with a rebound.
5:45 of 2nd period - Snap shot by Teuvo Teravainen.
5:45 of 2nd period - Stopped by Logan Thompson with a rebound.
5:47 of 2nd period - Wrist shot by Teuvo Teravainen.
5:47 of 2nd period - Shot Blocked by John Hayden.
5:49 of 2nd period - Wrist shot by J.T. Compher.
5:49 of 2nd period - Shot Misses the Net.
6:34 of 2nd period - Connor Clifton is hit by John Tavares and loses puck.
6:55 of 2nd period - Minor Penalty to Marcus Foligno for Hooking.
6:56 of 2nd period - John Tavares wins face-off versus Taylor Hall in Hartford Whalers zone.
7:05 of 2nd period - Snap shot by William Nylander.
7:05 of 2nd period - Shot Misses the Net.
7:07 of 2nd period - Slapshot by Jakob Chychrun.
7:07 of 2nd period - Shot Misses the Net.
7:09 of 2nd period - Snap shot by William Nylander.
7:09 of 2nd period - Shot Misses the Net.
7:11 of 2nd period - Slapshot by Joshua Morrissey.
7:11 of 2nd period - Shot Misses the Net.
7:13 of 2nd period - Snap shot by William Nylander.
7:13 of 2nd period - Stopped by Logan Thompson without a rebound.
7:14 of 2nd period - Alex Killorn wins face-off versus Josh Anderson in Hartford Whalers zone.
8:25 of 2nd period - Alexander Wennberg is hit by Alex Killorn and loses puck.
8:55 of 2nd period - Penalty to Marcus Foligno is over, Marcus Foligno is back on ice.
8:55 of 2nd period - William Nylander is hit by Taylor Hall and loses puck.
9:49 of 2nd period - Snap shot by Marcus Foligno.
9:49 of 2nd period - Stopped by Linus Ullmark with a rebound.
9:51 of 2nd period - Wrist shot by Alexis Lafreniere.
9:51 of 2nd period - Stopped by Linus Ullmark without a rebound.
9:52 of 2nd period - Nazem Kadri wins face-off versus John Hayden in Anaheim Ducks zone.
9:52 of 2nd period - Nazem Kadri is hit by John Hayden.
10:00 of 2nd period - Snap shot by Nazem Kadri.
10:00 of 2nd period - Stopped by Logan Thompson without a rebound.
10:01 of 2nd period - Joshua Norris wins face-off versus Nazem Kadri in Hartford Whalers zone.
10:01 of 2nd period - Joshua Norris is hit by Nazem Kadri.
10:07 of 2nd period - Wrist shot by Nazem Kadri.
10:07 of 2nd period - Stopped by Logan Thompson with a rebound.
10:43 of 2nd period - Minor Penalty to Josh Manson for Hooking.
10:44 of 2nd period - Chandler Stephenson wins face-off versus Alexander Wennberg in Anaheim Ducks zone.
11:52 of 2nd period - Slapshot by Taylor Hall.
11:52 of 2nd period - Shot Blocked by Ivan Provorov.
12:20 of 2nd period - Snap shot by Alexander Wennberg.
12:20 of 2nd period - Shot Misses the Net.
12:22 of 2nd period - Wrist shot by Alec Martinez.
12:22 of 2nd period - Shot Misses the Net.
12:24 of 2nd period - Slapshot by Alec Martinez.
12:24 of 2nd period - Shot Misses the Net.
12:26 of 2nd period - Slapshot by Trevor van Riemsdyk.
12:26 of 2nd period - Shot Blocked by Ivan Provorov.
12:28 of 2nd period - Slapshot by Josh Anderson.
12:28 of 2nd period - Stopped by Linus Ullmark with a rebound.
12:43 of 2nd period - Penalty to Josh Manson is over, Josh Manson is back on ice.
12:48 of 2nd period - Wrist shot by Taylor Hall.
12:48 of 2nd period - Deflect By Josh Anderson.
12:48 of 2nd period - Stopped by Linus Ullmark without a rebound.
12:49 of 2nd period - John Tavares wins face-off versus Casey Cizikas in Anaheim Ducks zone.
13:31 of 2nd period - Minor Penalty to John Hayden for Hooking.
13:32 of 2nd period - John Tavares wins face-off versus Anthony Mantha in Hartford Whalers zone.
13:33 of 2nd period - Snap shot by William Nylander.
13:33 of 2nd period - Stopped by Logan Thompson without a rebound.
13:34 of 2nd period - John Tavares wins face-off versus Anthony Mantha in Hartford Whalers zone.
13:49 of 2nd period - Slapshot by Mark Scheifele.
13:49 of 2nd period - Stopped by Logan Thompson without a rebound.
13:50 of 2nd period - Josh Anderson wins face-off versus John Tavares in Hartford Whalers zone.
13:50 of 2nd period - Josh Anderson is hit by Mark Scheifele.
14:02 of 2nd period - Slapshot by Joshua Morrissey.
14:02 of 2nd period - Deflect By William Nylander.
14:02 of 2nd period - Stopped by Logan Thompson without a rebound.
14:03 of 2nd period - Mark Scheifele wins face-off versus Anthony Mantha in Hartford Whalers zone.
14:06 of 2nd period - Snap shot by William Nylander.
14:06 of 2nd period - Shot Misses the Net.
14:34 of 2nd period - Jaccob Slavin is hit by Brayden Schenn and loses puck.
14:51 of 2nd period - Snap shot by Josh Anderson.
14:51 of 2nd period - Shot Hit the Post.
15:31 of 2nd period - Penalty to John Hayden is over, John Hayden is back on ice.
17:12 of 2nd period - Off-side.
17:13 of 2nd period - Joshua Norris wins face-off versus J.T. Compher in neutral zone.
17:13 of 2nd period - Joshua Norris is hit by Esa Lindell.
17:18 of 2nd period - Off-side.
17:19 of 2nd period - John Tavares wins face-off versus Alexander Wennberg in neutral zone.
17:34 of 2nd period - Snap shot by Taylor Hall.
17:34 of 2nd period - Stopped by Linus Ullmark without a rebound.
17:35 of 2nd period - Casey Cizikas wins face-off versus Chandler Stephenson in Anaheim Ducks zone.
17:36 of 2nd period - Snap shot by Alexis Lafreniere.
17:36 of 2nd period - Shot Blocked by Jakob Chychrun.
18:47 of 2nd period - Wrist shot by Mark Kastelic.
18:47 of 2nd period - Shot Misses the Net.
19:55 of 2nd period - Slapshot by John Hayden.
19:55 of 2nd period - Shot Misses the Net.
Goals for this period are 1 for Hartford Whalers vs 2 for Anaheim Ducks.
Shots for this period are 8 for Hartford Whalers vs 15 for Anaheim Ducks.
3rd period
0:01 of 3rd period - Alexander Wennberg wins face-off versus John Tavares in neutral zone.
0:32 of 3rd period - Snap shot by Max Domi.
0:32 of 3rd period - Stopped by Logan Thompson with a rebound.
0:34 of 3rd period - Slapshot by Esa Lindell.
0:34 of 3rd period - Stopped by Logan Thompson without a rebound.
0:35 of 3rd period - Casey Cizikas wins face-off versus Mark Scheifele in Hartford Whalers zone.
0:42 of 3rd period - Snap shot by Alexis Lafreniere.
0:42 of 3rd period - Shot Blocked by Brenden Dillon.
1:05 of 3rd period - Off-side.
1:06 of 3rd period - Alexander Wennberg wins face-off versus Chandler Stephenson in neutral zone.
1:21 of 3rd period - Wrist shot by Alex Killorn.
1:21 of 3rd period - Shot Blocked by Josh Anderson.
1:23 of 3rd period - Snap shot by Esa Lindell.
1:23 of 3rd period - Stopped by Logan Thompson with a rebound.
2:03 of 3rd period - Snap shot by Mason Marchment.
2:03 of 3rd period - Shot Misses the Net.
2:09 of 3rd period - Backhand shot by Trevor van Riemsdyk.
2:09 of 3rd period - Stopped by Linus Ullmark with a rebound.
2:17 of 3rd period - Snap shot by Brayden Schenn.
2:17 of 3rd period - Shot Blocked by Alec Martinez.
2:19 of 3rd period - Slapshot by Brenden Dillon.
2:19 of 3rd period - Shot Blocked by Taylor Hall.
2:21 of 3rd period - Snap shot by J.T. Compher.
2:21 of 3rd period - Stopped by Logan Thompson without a rebound.
2:22 of 3rd period - Casey Cizikas wins face-off versus John Tavares in Hartford Whalers zone.
2:30 of 3rd period - Josh Manson and Casey Cizikas fight to a draw.
2:30 of 3rd period - Penalty to Josh Manson for Fighting.
2:30 of 3rd period - Penalty to Casey Cizikas for Fighting.
2:31 of 3rd period - Mark Kastelic wins face-off versus John Tavares in Hartford Whalers zone.
2:38 of 3rd period - Mark Scheifele is hit by Mark Kastelic and loses puck.
3:02 of 3rd period - Snap shot by Alexis Lafreniere.
3:02 of 3rd period - Deflect By Brayden Schenn.
3:02 of 3rd period - Shot Hit the Post.
3:02 of 3rd period - Puck is out of play.
3:03 of 3rd period - Alexander Wennberg wins face-off versus J.T. Compher in Anaheim Ducks zone.
3:26 of 3rd period - Snap shot by Teuvo Teravainen.
3:26 of 3rd period - Shot Misses the Net.
3:28 of 3rd period - Backhand shot by Brayden Schenn.
3:28 of 3rd period - Deflect By J.T. Compher.
3:28 of 3rd period - Shot Blocked by Alec Martinez.
3:28 of 3rd period - Puck is out of play.
3:29 of 3rd period - John Tavares wins face-off versus Alexis Lafreniere in Hartford Whalers zone.
3:35 of 3rd period - Icing by Connor Clifton.
3:36 of 3rd period - Mark Kastelic wins face-off versus John Tavares in Hartford Whalers zone.
4:30 of 3rd period - Minor Penalty to Brayden Schenn for Hooking.
4:31 of 3rd period - Mark Kastelic wins face-off versus Chandler Stephenson in Anaheim Ducks zone.
4:37 of 3rd period - Wrist shot by Marcus Foligno.
4:37 of 3rd period - Shot Misses the Net.
4:39 of 3rd period - Slapshot by Jaccob Slavin.
4:39 of 3rd period - Shot Blocked by Ivan Provorov.
4:41 of 3rd period - Snap shot by Marcus Foligno.
4:41 of 3rd period - Stopped by Linus Ullmark without a rebound.
4:42 of 3rd period - Mark Kastelic wins face-off versus Alex Killorn in Anaheim Ducks zone.
4:43 of 3rd period - Slapshot by Thomas Chabot.
4:43 of 3rd period - Stopped by Linus Ullmark with a rebound.
4:49 of 3rd period - Wrist shot by Alexis Lafreniere.
4:49 of 3rd period - Shot Misses the Net.
4:51 of 3rd period - Slapshot by Jaccob Slavin.
4:51 of 3rd period - Stopped by Linus Ullmark without a rebound.
4:52 of 3rd period - Chandler Stephenson wins face-off versus Mark Kastelic in Anaheim Ducks zone.
5:11 of 3rd period - Teuvo Teravainen is hit by Mark Kastelic and loses puck.
5:18 of 3rd period - Snap shot by Alexis Lafreniere.
5:18 of 3rd period - Stopped by Linus Ullmark without a rebound.
5:19 of 3rd period - Alexander Wennberg wins face-off versus Alex Killorn in Anaheim Ducks zone.
5:28 of 3rd period - Snap shot by Taylor Hall.
5:28 of 3rd period - Shot Blocked by Esa Lindell.
5:30 of 3rd period - Wrist shot by Taylor Hall.
5:30 of 3rd period - Shot Misses the Net.
5:50 of 3rd period - Wrist shot by Teuvo Teravainen.
5:50 of 3rd period - Stopped by Logan Thompson with a rebound.
5:52 of 3rd period - Slapshot by Ivan Provorov.
5:52 of 3rd period - Shot Blocked by Marcus Foligno.
6:30 of 3rd period - Penalty to Brayden Schenn is over, Brayden Schenn is back on ice.
6:36 of 3rd period - Wrist shot by Joshua Norris.
6:36 of 3rd period - Shot Misses the Net.
6:49 of 3rd period - Snap shot by Teuvo Teravainen.
6:49 of 3rd period - Shot Misses the Net.
6:51 of 3rd period - Slapshot by Brenden Dillon.
6:51 of 3rd period - Stopped by Logan Thompson with a rebound.
6:53 of 3rd period - Slapshot by Brayden Schenn.
6:53 of 3rd period - Stopped by Logan Thompson without a rebound.
6:54 of 3rd period - John Tavares wins face-off versus Lukas Reichel in Hartford Whalers zone.
7:04 of 3rd period - Snap shot by William Nylander.
7:04 of 3rd period - Shot Blocked by Lukas Reichel.
7:06 of 3rd period - Backhand shot by Esa Lindell.
7:06 of 3rd period - Deflect By William Nylander.
7:06 of 3rd period - Shot Hit the Post.
7:06 of 3rd period - Puck is out of play.
7:07 of 3rd period - John Tavares wins face-off versus Alexander Wennberg in Hartford Whalers zone.
7:34 of 3rd period - Trevor van Riemsdyk is hit by Joshua Morrissey and loses puck.
7:43 of 3rd period - Slapshot by Alec Martinez.
7:43 of 3rd period - Shot Hit the Post.
7:45 of 3rd period - Slapshot by Jaccob Slavin.
7:45 of 3rd period - Shot Misses the Net.
8:07 of 3rd period - Icing by Joshua Norris.
8:08 of 3rd period - John Tavares wins face-off versus Joshua Norris in Hartford Whalers zone.
8:11 of 3rd period - Snap shot by Mark Scheifele.
8:11 of 3rd period - Goal by Mark Scheifele - Hartford Whalers : 1 - Anaheim Ducks : 3.
8:12 of 3rd period - John Tavares wins face-off versus Alexander Wennberg in neutral zone.
8:23 of 3rd period - Wrist shot by Mark Scheifele.
8:23 of 3rd period - Stopped by Logan Thompson with a rebound.
8:25 of 3rd period - Slapshot by Brenden Dillon.
8:25 of 3rd period - Stopped by Logan Thompson with a rebound.
8:27 of 3rd period - Wrist shot by William Nylander.
8:27 of 3rd period - Shot Blocked by Alec Martinez.
8:29 of 3rd period - Slapshot by Brenden Dillon.
8:29 of 3rd period - Goal by Brenden Dillon - Hartford Whalers : 1 - Anaheim Ducks : 4.
8:30 of 3rd period - John Tavares wins face-off versus Alexander Wennberg in neutral zone.
8:33 of 3rd period - Snap shot by Mark Scheifele.
8:33 of 3rd period - Stopped by Logan Thompson with a rebound.
8:45 of 3rd period - Slapshot by Jaccob Slavin.
8:45 of 3rd period - Stopped by Linus Ullmark with a rebound.
9:03 of 3rd period - Slapshot by Jakob Chychrun.
9:03 of 3rd period - Stopped by Logan Thompson without a rebound.
9:04 of 3rd period - Casey Cizikas wins face-off versus Chandler Stephenson in Hartford Whalers zone.
9:04 of 3rd period - Casey Cizikas is hit by Max Domi.
9:31 of 3rd period - Joshua Morrissey is hit by Torey Krug and loses puck.
9:54 of 3rd period - Wrist shot by Mason Marchment.
9:54 of 3rd period - Stopped by Logan Thompson without a rebound.
9:55 of 3rd period - Joshua Norris wins face-off versus Nazem Kadri in Hartford Whalers zone.
10:06 of 3rd period - Wrist shot by Joshua Norris.
10:06 of 3rd period - Goal by Joshua Norris - Hartford Whalers : 2 - Anaheim Ducks : 4.
10:07 of 3rd period - John Tavares wins face-off versus Casey Cizikas in neutral zone.
10:44 of 3rd period - Slapshot by Max Domi.
10:44 of 3rd period - Stopped by Logan Thompson without a rebound.
10:45 of 3rd period - Chandler Stephenson wins face-off versus Anthony Mantha in Hartford Whalers zone.
10:50 of 3rd period - Wrist shot by Chandler Stephenson.
10:50 of 3rd period - Shot Misses the Net.
11:18 of 3rd period - Snap shot by Marcus Foligno.
11:18 of 3rd period - Shot Blocked by Josh Manson.
11:50 of 3rd period - Nazem Kadri is hit by Mark Kastelic and loses puck.
12:15 of 3rd period - Snap shot by Max Domi.
12:15 of 3rd period - Shot Misses the Net.
12:17 of 3rd period - Slapshot by Joshua Morrissey.
12:17 of 3rd period - Stopped by Logan Thompson without a rebound.
12:18 of 3rd period - John Tavares wins face-off versus Casey Cizikas in Hartford Whalers zone.
12:25 of 3rd period - Wrist shot by Mark Scheifele.
12:25 of 3rd period - Goal by Mark Scheifele - Hartford Whalers : 2 - Anaheim Ducks : 5.
12:26 of 3rd period - John Tavares wins face-off versus Alexander Wennberg in neutral zone.
12:38 of 3rd period - Trevor van Riemsdyk is hit by Mark Scheifele and loses puck.
13:00 of 3rd period - Minor Penalty to Alexis Lafreniere for Holding Stick.
13:01 of 3rd period - John Tavares wins face-off versus Alexander Wennberg in Hartford Whalers zone.
13:39 of 3rd period - Slapshot by Joshua Morrissey.
13:39 of 3rd period - Stopped by Logan Thompson with a rebound.
13:41 of 3rd period - Slapshot by Jakob Chychrun.
13:41 of 3rd period - Stopped by Logan Thompson with a rebound.
14:54 of 3rd period - Casey Cizikas is hit by Alex Killorn and loses puck.
15:00 of 3rd period - Penalty to Alexis Lafreniere is over, Alexis Lafreniere is back on ice.
15:05 of 3rd period - Snap shot by Joshua Norris.
15:05 of 3rd period - Stopped by Linus Ullmark without a rebound.
15:06 of 3rd period - Joshua Norris wins face-off versus Nazem Kadri in Anaheim Ducks zone.
15:12 of 3rd period - Minor Penalty to Torey Krug for Tripping.
15:13 of 3rd period - John Tavares wins face-off versus Alexander Wennberg in Hartford Whalers zone.
16:40 of 3rd period - Taylor Hall is hit by Brayden Schenn and loses puck.
17:07 of 3rd period - Esa Lindell is hit by Trevor van Riemsdyk.
17:12 of 3rd period - Penalty to Torey Krug is over, Torey Krug is back on ice.
17:19 of 3rd period - Snap shot by Lukas Reichel.
17:19 of 3rd period - Stopped by Linus Ullmark with a rebound.
17:30 of 3rd period - Mark Kastelic is hit by Nazem Kadri and loses puck.
17:40 of 3rd period - Off-side.
17:41 of 3rd period - Mark Scheifele wins face-off versus Joshua Norris in neutral zone.
17:54 of 3rd period - Snap shot by Anthony Mantha.
17:54 of 3rd period - Stopped by Linus Ullmark with a rebound.
17:56 of 3rd period - Wrist shot by Joshua Norris.
17:56 of 3rd period - Shot Misses the Net.
18:05 of 3rd period - Off-side.
18:06 of 3rd period - Nazem Kadri wins face-off versus Casey Cizikas in neutral zone.
18:38 of 3rd period - Josh Anderson is hit by Brenden Dillon and loses puck.
19:03 of 3rd period - Snap shot by Anthony Mantha.
19:03 of 3rd period - Shot Misses the Net.
19:21 of 3rd period - Snap shot by Mark Kastelic.
19:21 of 3rd period - Deflect By Lukas Reichel.
19:21 of 3rd period - Shot Blocked by Brenden Dillon.
19:21 of 3rd period - Puck is out of play.
19:22 of 3rd period - Casey Cizikas wins face-off versus Chandler Stephenson in Anaheim Ducks zone.
19:23 of 3rd period - Slapshot by Alexis Lafreniere.
19:23 of 3rd period - Shot Blocked by Max Domi.
19:49 of 3rd period - Teuvo Teravainen is hit by Alexander Wennberg and loses puck.
Goals for this period are 1 for Hartford Whalers vs 3 for Anaheim Ducks.
Shots for this period are 10 for Hartford Whalers vs 19 for Anaheim Ducks.
Back to the Top